 Dungeon Crawl Stone Soup version 0.32-a0-814-g0968bab981 (webtiles) character file.

Game seed: 13003517881961496341

1197 noobster the Cudgeller (level 8, -4/78 HPs)
             Began as a Troll Fighter on Mar 22, 2024.
             Was an Initiate of Makhleb.
             Killed from afar by an electric eel (5 damage)
             ... with a bolt of electricity
             ... on level 6 of the Dungeon.
             The game lasted 00:10:44 (4862 turns).

noobster the Cudgeller (Troll Fighter)              Turns: 4862, Time: 00:10:45

Health: -4/78      AC:  2    Str: 27    XL:     8   Next: 20%
Magic:  7/7        EV:  8    Int:  4    God:    Makhleb [......]
Gold:   812        SH:  8    Dex:  9    Spells: 7/7 levels left

rFire   . . .        a - +1 flail (drain)
rCold   . . .        c - +0 kite shield
rNeg    . . .        b - +0 robe
rPois   .            p - +1 hat
rElec   .            i - +0 cloak
rCorr   .            (gloves unavailable)
SInv    .            (boots unavailable)
Will    .....        g - amulet of regeneration
Stlth   +            h - +4 ring of protection
HPRegen 1.93/turn    (no ring)
MPRegen 0.10/turn

%: no passive effects
@: corroded
A: large, unfitting armour, claws 3, regeneration 1, shaggy fur 1, tough skin 1
a: Renounce Religion


You were on level 6 of the Dungeon.
You worshipped Makhleb.
Makhleb was noncommittal.
You visited 2 branches of the dungeon, and saw 7 of its levels.

You collected 812 gold pieces.

Inventory:

Hand Weapons
 a - a +1 flail of draining (weapon)
 o - a +3 quarterstaff of chaos
 t - a +2 rapier of flaming
Armour
 b - a +0 robe (worn)
 c - a +0 kite shield (worn)
 i - a +0 cloak (worn)
 p - a +1 hat (worn)
Jewellery
 g - an amulet of regeneration (around neck)
 h - a +4 ring of protection (left claw)
 q - a ring of resist corrosion
Wands
 u - a wand of flame (24) (quivered)
 y - a wand of charming (4)
Scrolls
 f - a scroll of fear
 k - 2 scrolls of teleportation
 m - a scroll of blinking {unknown}
 n - a scroll of poison
 r - a scroll of identify
 v - a scroll of amnesia {unknown}
 z - a scroll of fog
Potions
 d - a potion of might
 e - a potion of curing
 j - 2 potions of invisibility {unknown}
 l - 2 potions of brilliance
 s - a potion of enlightenment {unknown}
 x - a potion of magic {unknown}


   Skills:
 + Level 3.7 Fighting
 + Level 6.1 Maces & Flails
 + Level 4.4 Dodging
 + Level 0.8 Stealth
 + Level 4.8 Shields


You had 7 spell levels left.
You didn't know any spells.
Your spell library contained the following spells:

 Spells                   Type           Power      Damage    Failure   Level
 Necrotise                Necr           0%         1d4       73%         1
 Ensorcelled Hibernation  Hex/Ice        0%         N/A       86%         2
 Sublimation of Blood     Necr           0%         N/A       86%         2
 Call Canine Familiar     Summ           0%         N/A       97%         3
 Fugue of the Fallen      Necr           0%         N/A       97%         3
 Sigil of Binding         Hex            0%         N/A       97%         3
 Vampiric Draining        Necr           0%         2d6       97%         3
 Anguish                  Hex/Necr       0%         N/A       100%        4
 Dimensional Bullseye     Hex/Tloc       0%         N/A       100%        4
 Martyr's Knell           Necr/Summ      0%         N/A       100%        4
 Petrify                  Alch/Erth      0%         N/A       100%        4
 Curse of Agony           Necr           0%         N/A       100%        5
 Irradiate                Conj/Alch      0%         3d11      100%        5


Dungeon Overview and Level Annotations

Branches:
Dungeon (6/15)             Temple (1/1) D:5

Altars:
Dithmenos
Fedhas
Hepliaklqana
Makhleb
Okawaru
Qazlal
Trog
Uskayaw
Vehumet
Wu Jian
Zin
The Shining One

Shops:
D:2 [:[:


Innate Abilities, Weirdness & Mutations

You are too large for most types of armour.
You have claws for hands.
Your natural rate of healing is unusually fast.
You are covered in fur. (AC +1)
You have tough skin. (AC +1)


Message History

The bolt of electricity hits you!
You barely miss the electric eel.
The electric eel is severely wounded.
The jelly closely misses you.
You closely miss the electric eel.
The electric eel is severely wounded.
The electric eel shoots out a bolt of lightning at you!
The bolt of electricity hits you!
The electric eel shoots out a bolt of lightning at you!
The bolt of electricity hits the electric eel.
The electric eel completely resists.
The bolt of electricity hits you!
The bolt of electricity hits the jelly!
The jelly hits you but does no damage.
You closely miss the electric eel.
The electric eel is severely wounded.
The electric eel shoots out a bolt of lightning at you!
The bolt of electricity misses you.
The electric eel shoots out a bolt of lightning at you!
The bolt of electricity hits the electric eel.
The electric eel completely resists.
The bolt of electricity hits you!
* * * LOW HITPOINT WARNING * * *
The jelly hits you.
* * * LOW HITPOINT WARNING * * *
You are splashed with acid!
* * * LOW HITPOINT WARNING * * *
You hit the electric eel.
You kill the electric eel!
Makhleb accepts your kill.
You hear a splash.
The electric eel shoots out a bolt of lightning at you!
The bolt of electricity hits you!
* * * LOW HITPOINT WARNING * * *
You block the jelly's attack.
You closely miss the electric eel.
The electric eel shoots out a bolt of lightning at you!
The bolt of electricity hits the electric eel.
The electric eel completely resists.
The bolt of electricity hits you!
* * * LOW HITPOINT WARNING * * *
The electric eel shoots out a bolt of lightning at you!
The bolt of electricity hits you.
You die...

≈≈≈≈PP♣~~~♣..#
≈≈≈≈≈≈≈≈≈≈≈~~~~~P~..#
≈≈≈≈≈≈≈≈≈≈≈~~~~~~♣..#
~≈≈≈≈≈≈≈≈≈~~PP~~P~..#
≈≈≈≈≈≈≈~~♣~P~P~.###
≈S≈~ ~~~~~~♣#...# ♣~S
♣♣SPP#.#..##
♣S♣♣♣..♣#....##
♣♣.♣.@J)=...(..##
#........)########
###########


You could see a jelly and 3 electric eels.

Vanquished Creatures
  A black bear (D:5)
  4 ogres
  A scorpion (D:4)
  A bombardier beetle (D:3)
  3 electric eels (D:6)
  3 hounds
  An orc priest (D:3)
  Crazy Yiuf (D:3)
  4 iguanas
  Natasha (thrice) (D:2)
  An orc wizard (D:4)
  9 gnolls
  3 adders
  A shadow imp (D:4)
  A white imp (D:6)
  3 dart slugs
  6 orcs
  7 ball pythons
  6 bats
  9 endoplasms
  3 giant cockroaches
  3 goblins
  7 hobgoblins
  2 jackals (D:5)
  10 kobolds
  6 quokkas
  A frilled lizard (D:3)
  2 rats
102 creatures vanquished.

Notes
Turn   | Place    | Note
-------+----------+-------------------------------------------
     0 | D:1      | noobster the Troll Fighter began the quest for the Orb.
     0 | D:1      | Reached XP level 1. HP: 22/22 MP: 0/0
   143 | D:1      | Reached XP level 2. HP: 28/29 MP: 1/1
   805 | D:1      | Found a faded altar of an unknown god.
   823 | D:1      | Found a faded altar of an unknown god.
  1127 | D:2      | Reached skill level 2 in Maces & Flails
  1134 | D:2      | Found Dycosh's Book Shop.
  1140 | D:2      | Reached XP level 3. HP: 36/36 MP: 2/2
  1172 | D:2      | You fall into a shaft and drop 1 floor!
  1382 | D:2      | Reached XP level 4. HP: 41/44 MP: 3/3
  1410 | D:2      | Found Tinwaenn's Armour Shop.
  1563 | D:2      | Noticed Natasha
  1564 | D:2      | Found Vatz's Book Emporium.
  1572 | D:2      | Killed Natasha
  1573 | D:2      | Reached skill level 3 in Maces & Flails
  1638 | D:2      | Found Bankur's Armour Shoppe.
  1718 | D:2      | Noticed Natasha
  1724 | D:2      | Killed Natasha
  1725 | D:2      | Reached XP level 5. HP: 53/53 MP: 4/4
  1872 | D:2      | Noticed Natasha
  1891 | D:2      | Killed Natasha
  2167 | D:2      | Identified a scroll of acquirement
  2167 | D:2      | Acquired 557 gold pieces
  2400 | D:3      | Found a runed translucent door.
  2401 | D:3      | Noticed Crazy Yiuf
  2408 | D:3      | Killed Crazy Yiuf
  2784 | D:3      | Reached XP level 6. HP: 61/61 MP: 5/5
  2825 | D:3      | Reached skill level 4 in Maces & Flails
  2941 | D:4      | Found an iron altar of Okawaru.
  3088 | D:4      | Reached XP level 7. HP: 67/67 MP: 6/6
  3293 | D:4      | Found a bloodstained altar of Trog.
  3733 | D:5      | Entered Level 5 of the Dungeon
  3781 | D:5      | Found a staircase to the Ecumenical Temple.
  3790 | Temple   | Entered the Ecumenical Temple
  3810 | Temple   | Became a worshipper of Makhleb the Destroyer
  3867 | D:5      | Reached skill level 5 in Maces & Flails
  4142 | D:5      | Found a glowing silver altar of Zin.
  4254 | D:5      | Found a hazy altar of Hepliaklqana.
  4257 | D:5      | Found a shadowy altar of Dithmenos.
  4257 | D:5      | Noticed a shadow
  4761 | D:6      | Reached skill level 6 in Maces & Flails
  4761 | D:6      | Reached XP level 8. HP: 48/76 MP: 7/7
  4862 | D:6      | HP: 1/78 [electric eel/bolt of electricity (8)]
  4862 | D:6      | Killed from afar by an electric eel

Illustrated notes

Levels and vault maps discovered:
D:1:      giann_bridges, layout_loops_corners,
          hellmonk_ecumenical_altar_the_god_not_taken
D:2:      layout_loops_ring, serial_shops, nicolae_shop_back_alley_shop, shop,
          nicolae_shop_advertising_works [nicolae_subvault_shop_adworks], shop,
          uniq_natasha
D:3:      layout_basic, grunt_decor_mini_mirrors, minmay_misc_feat_chi,
          uniq_crazy_yiuf_cottage
D:4:      layout_cave_pools, okawaru_trees_1, lemuel_coloured_pillars_altar,
          serial_forest, infiniplex_forest_split, infiniplex_forest_clump_small,
          infiniplex_forest_clump_medium, infiniplex_forest_clump_large,
          infiniplex_forest_fountain, infiniplex_forest_clump_long,
          infiniplex_forest_lined_4_way, kennysheep_doodads,
          mrwooster_statue_mirror
D:5:      layout_loops_ring, riverfiend_overflow_shadow_ancestor,
          nicolae_overflow_hidden_temple, minmay_temple_entry_gardened_gates
D:6:      layout_cave_pools, serial_bayou, serial_bayou_lake_a,
          serial_bayou_ford_a, serial_bayou_pond_d, serial_bayou_pond_b,
          serial_bayou_crossing
Temple:   nicolae_temple_great_sept

Skill      XL: |  1  2  3  4  5  6  7 |
---------------+----------------------+-----
Shields        | 3 4 |  4.8
Maces & Flails | 2 3 4 6 |  6.1
Dodging        | 3 4 |  4.4
Fighting       | 3 |  3.7
Stealth        | |  0.8

Action                     |  1- 3 |  4- 6 |  7- 9 || total
---------------------------+-------+-------+-------++-------
  Melee: Flail             |   102 |   125 |   114 ||   341
    Use: Scroll            |     2 |     8 |     3 ||    13
         Potion            |     1 |       |       ||     1
   Stab: Sleeping          |     1 |       |       ||     1
 Armour: Robe              |    75 |    97 |   103 ||   275
  Dodge: Dodged            |    35 |    45 |    50 ||   130
  Block: Kite shield       |    63 |    65 |    42 ||   170

Table legend: (Time is in decaauts)
 A = Elapsed time spent in this place.
 B = Non-inter-level travel time spent in this place.
 C = Inter-level travel time spent in this place.
 D = Time resting spent in this place.
 E = Time spent auto-exploring this place.
 F = Levels seen in this place.
 G = Mean time per level.
                   A        B        C        D        E       F      G
               +--------+--------+--------+--------+--------+-----+--------+
         Total |   4986 |   4986 |      0 |    380 |   2988 |   7 |  712.3 |
       Dungeon |   4955 |   4955 |      0 |    380 |   2988 |   6 |  825.8 |
        Temple |     30 |     30 |      0 |      0 |      0 |   1 |   30.0 |
               +--------+--------+--------+--------+--------+-----+--------+

Top non-repeatable levels by time:
     D:1: 1146 daAuts
     D:2: 992 daAuts
     D:3: 863 daAuts
     D:5: 838 daAuts
     D:4: 835 daAuts
     D:6: 278 daAuts
  Temple: 30 daAuts
